 Dungeon Crawl Stone Soup version 0.17-a0-2073-gde5cdba (webtiles) character file.

5228 brucemayne the Cleaver (level 10, -12/70 HPs)
             Began as a Demonspawn Berserker on Oct 14, 2015.
             Was a Believer of Trog.
             Killed from afar by an efreet (15 damage)
             ... with a bolt of fire
             ... on level 11 of the Dungeon.
             The game lasted 00:15:37 (2445 turns).

brucemayne the Cleaver (Demonspawn Berserker)       Turns: 2445, Time: 00:15:37

Health: -12/70     AC: 10    Str: 22    XL:     10   Next: 35%
Magic:  0/10       EV:  1    Int: 12    God:    Trog [**....]
Gold:   182        SH:  0    Dex: 13    Spells: 0 memorised, 9 levels left

rFire  . . .     SeeInvis .     d - +7 hand axe "Stringbean" {chop, rN+ Str+2 Int+3}
rCold  . . .     Clarity  .     z - +0 plate armour
rNeg   + . .     SustAt   .     (no shield)
rPois  .         Gourm    .     (helmet restricted)
rElec  .         Spirit   +     (no cloak)
rCorr  .         Warding  .     (no gloves)
rMut   .         Stasis   .     (boots unavailable)
MR     .....                    (no amulet)
Stlth  ..........               (no ring)
                                (no ring)

@: not resistant to hostile enchantments, extremely unstealthy
A: hooves 3, horns 1, sense surroundings 1, spiny 2, magic shield
a: Burn Spellbooks, Berserk, Trog's Hand, Renounce Religion


You were on level 11 of the Dungeon.
You worshipped Trog.
Trog was pleased with you.
You were hungry.

You visited 1 branch of the dungeon, and saw 11 of its levels.
You also visited: Ossuary and Bailey.

You collected 182 gold pieces.

Inventory:

Hand Weapons
 d - the +7 hand axe "Stringbean" (weapon) {chop, rN+ Str+2 Int+3}
   (You found it on level 8 of the Dungeon)

   It inflicts extra damage upon your enemies.
   It affects your strength (+2).
   It affects your intelligence (+3).
   It protects you from negative energy.
 n - a +0 battleaxe
 H - a +1 hand axe of distortion
Missiles
 h - 9 tomahawks of returning (quivered)
Armour
 i - a +1 scale mail of fire resistance
 z - a +0 plate armour (worn)
Wands
 w - a wand of fire (7)
 D - a wand of lightning (6)
Scrolls
 f - 2 scrolls of immolation {unknown}
 j - a scroll of blinking {unknown}
 m - 2 scrolls of remove curse
 s - a scroll of vulnerability {unknown}
 t - a scroll of recharging
 x - a scroll of summoning {unknown}
 y - a scroll of amnesia {unknown}
 C - a scroll of teleportation {unknown}
 I - a scroll of noise {unknown}
 K - 4 scrolls of identify
Potions
 e - 3 potions of heal wounds
 g - 3 potions of ambrosia {unknown}
 k - 2 potions of invisibility
 l - a potion of might {unknown}
 o - 2 potions of cancellation
 p - a potion of berserk rage
 q - 2 potions of brilliance {unknown}
 r - a potion of haste {unknown}
 u - 2 potions of lignification
 v - 3 potions of flight
 A - a potion of degeneration {unknown}
 B - a potion of curing {unknown}
 E - a potion of resistance {unknown}
Books
 G - a book of the Dragon

   Spells                             Type                      Level
   a - Flame Tongue                   Conjuration/Fire             1
   b - Cause Fear                     Hexes                        4
   c - Bolt of Fire                   Conjuration/Fire             6
   d - Dragon Form                    Transmutation                7
   e - Dragon's Call                  Summoning                    9
   Trog disapproves of the use of such an item.
Comestibles
 c - 3 bread rations
 J - 3 chunks of flesh
 L - a beef jerky


   Skills:
 - Level 3.0 Fighting
 + Level 13.8 Axes
 - Level 1.7 Armour
 - Level 1.7 Dodging


You had 9 spell levels left.
You didn't know any spells.

Dungeon Overview and Level Annotations

Branches:
Dungeon (11/15)
 Temple: D:4-7         Lair: D:8-11         Orc: D:9-12

Altars:
Elyvilon
Okawaru
Ru


Innate Abilities, Weirdness & Mutations

You have hooves in place of feet.
You have a pair of small horns on your head.
You are mostly covered in sharp spines.
When hurt, damage is shared between your health and your magic reserves.
You passively map a small area around you.


Message History

There is an open door here.
You are feeling hungry.
You close the door.
You open the door.
Something unseen opens the door.
There is an open door here.
You open the door. The efreet gestures at you. The bolt of fire hits you!
The efreet gestures at you. The bolt of fire hits you!
* * * LOW HITPOINT WARNING * * *
There is an open door here.
You close the door.
An efreet opens the door.
There is a stone staircase leading up here.
You feel less exhausted. The efreet gestures at you.
Helpless, you fail to dodge the bolt of fire.
You die...

#+# #..# #.# , ,
##..##..###.# , *,, ,
,#...........#, , , ...
,+...........# ,
......#....††.....#,, , ,
, .....#....†......+ , , *
#....#..###..##..# ,
+....#..###..##..##+#, + ,
#....'§.'.@...#.....+
#....#.R#.....'.....#, ,
##+#....#'###...###....# ,
........#..##...###....#
........+...............#,
........#...............#
........#...............+
,........#..##..######..##
,, ####....#'###..# ** ..#


You could see an efreet.

Vanquished Creatures
  The ghost of nublet the Merchant of Misery, a novice DsNe of Kikubaaqudgha (D:9)
  An orc knight (Bailey)
  Prince Ribbit (D:6)
  A wyvern (D:8)
  5 yaks (D:11)
  Grum (D:8)
  2 wolves (D:8)
  An ice beast (D:6)
  2 sky beasts (D:8)
  A water moccasin (D:9)
  4 orc warriors (Bailey)
  A phantom (D:9)
  2 ogres (D:4)
  2 centaurs
  4 giant frogs
  3 water moccasin zombies (Ossuary)
  A water moccasin skeleton (D:8)
  13 wights
  2 scorpions (D:8)
  A giant frog zombie (D:8)
  3 orc priests
  An orc wizard (D:8)
  Terence (D:2)
  An iguana (D:6)
  3 worker ants
  3 big kobold zombies (Ossuary)
  2 mummies (Ossuary)
  6 gnolls
  2 adders
  2 adder zombies (Ossuary)
  4 orcs
  2 bats (D:3)
  3 giant cockroaches
  3 gnoll zombies (Ossuary)
  4 hobgoblins
  4 jackals (D:9)
  10 kobolds
  A giant gecko skeleton (D:8)
  3 giant newts
  7 goblins
  8 hobgoblin zombies (Ossuary)
  6 kobold zombies (Ossuary)
  7 orc zombies (Ossuary)
135 creatures vanquished.

Notes
Turn   | Place    | Note
--------------------------------------------------------------
     0 | D:1      | brucemayne the Demonspawn Berserker began the quest for the Orb.
     0 | D:1      | Reached XP level 1. HP: 18/18 MP: 1/1
    82 | D:2      | Noticed Terence
    87 | D:2      | Killed Terence
    87 | D:2      | Gained mutation: You have large cloven feet. [demonic ancestry]
    87 | D:2      | Reached XP level 2. HP: 24/24 MP: 2/2
   146 | D:3      | Gained mutation: You have hoof-like feet. [demonic ancestry]
   146 | D:3      | Reached XP level 3. HP: 29/29 MP: 3/3
   151 | D:3      | Found a white marble altar of Elyvilon.
   220 | D:3      | Reached skill level 4 in Axes
   259 | D:4      | Noticed an ogre
   266 | D:4      | Killed an ogre
   266 | D:4      | Reached skill level 5 in Axes
   266 | D:4      | Reached XP level 4. HP: 35/35 MP: 4/4
   276 | D:4      | Identified a +1 pair of boots of running (You found it on level 4 of the Dungeon)
   360 | D:4      | Gained mutation: You have a pair of small horns on your head. [demonic ancestry]
   360 | D:4      | Reached XP level 5. HP: 32/41 MP: 5/5
   375 | D:4      | Noticed an ogre
   383 | D:4      | Killed an ogre
   636 | D:4      | Found a sand-covered staircase.
   641 | Ossuary  | Entered an ossuary
   669 | Ossuary  | Reached skill level 6 in Axes
   669 | Ossuary  | Gained mutation: You are partially covered in sharp spines. [demonic ancestry]
   669 | Ossuary  | Reached XP level 6. HP: 41/47 MP: 6/6
   824 | Ossuary  | Reached skill level 7 in Axes
  1040 | D:4      | Gained mutation: You are mostly covered in sharp spines. [demonic ancestry]
  1040 | D:4      | Reached XP level 7. HP: 42/52 MP: 7/7
  1082 | D:5      | Entered Level 5 of the Dungeon
  1206 | D:6      | Reached skill level 8 in Axes
  1275 | D:6      | Reached ** piety under Trog
  1292 | D:6      | Noticed Prince Ribbit
  1297 | D:6      | Killed Prince Ribbit
  1297 | D:6      | Reached skill level 9 in Axes
  1297 | D:6      | Reached XP level 8. HP: 36/58 MP: 8/8
  1490 | D:8      | Reached skill level 10 in Axes
  1596 | D:8      | Found a sacrificial altar of Ru.
  1623 | D:8      | Noticed Grum
  1633 | D:8      | Killed Grum
  1633 | D:8      | Reached skill level 11 in Axes
  1633 | D:8      | Gained mutation: You have hooves in place of feet. [demonic ancestry]
  1633 | D:8      | Reached XP level 9. HP: 56/63 MP: 9/9
  1657 | D:8      | Found an iron altar of Okawaru.
  1726 | D:8      | Found a flagged portal.
  1751 | D:8      | Got an iridescent hand axe
  1752 | D:8      | Identified the +7 hand axe "Stringbean" {chop, rN+ Str+2 Int+3} (You found it on level 8 of the Dungeon)
  1759 | D:8      | Gained mutation: You passively map a small area around you. [mutagenic meat]
  1775 | Bailey   | Entered a bailey
  1935 | Bailey   | Noticed an orc knight
  1952 | Bailey   | Reached skill level 12 in Axes
  1959 | Bailey   | Killed an orc knight
  2230 | D:9      | Reached skill level 13 in Axes
  2286 | D:9      | Gained mutation: When hurt, damage is shared between your health and your magic reserves. [demonic ancestry]
  2286 | D:9      | Reached XP level 10. HP: 67/70 MP: 10/10
  2306 | D:9      | Noticed nublet's ghost (novice DsNe)
  2318 | D:9      | Killed nublet's ghost
  2369 | D:10     | Entered Level 10 of the Dungeon
  2441 | D:11     | HP: 2/70 [efreet/bolt of fire (26)]
  2445 | D:11     | Killed from afar by an efreet

Vault maps used:
D:1:      nicolae_arrival_washed_ashore, minmay_misc_feat_tower
D:2:      uniq_iyjb, uniq_robin, uniq_terence, uniq_natasha
D:3:      elyvilon_altar_3, tso_metal_star
D:4:      minmay_temple_entry_nine_rooms, enter_ossuary_5,
          mrwooster_statue_mirror
D:5:      first_bread, uniq_sigmund
D:6:      uniq_prince_ribbit1
D:7:      uniq_menkaure
D:8:      old_standard_altar, nicolae_overflow_crystal_walls,
          nicolae_ru_sacrificial_ziggurat, minmay_lair_entry_lava,
          enter_bailey_2, uniq_grum, uniq_gastronok
D:9:      spider_trap, hangedman_ranch
D:10:     hiddenorc1_lemuel, uniq_snorg
D:11:     led_sif_book, uniq_erolcha
Ossuary:  ossuary_tomb_2
Bailey:   bailey_axe_1, bailey

Action                   |  1- 3 |  4- 6 |  7- 9 | 10-12 || total
-------------------------+-------+-------+-------+-------++-------
Melee: Hand axe          |    30 |   117 |   178 |    19 ||   344
Throw: Tomahawk          |       |       |    23 |       ||    23
Invok: Berserk           |     3 |     1 |     7 |     2 ||    13
       Trog's Hand       |       |       |     8 |       ||     8
Evoke: Wand              |       |       |     1 |       ||     1
  Use: Scroll            |       |     5 |     2 |       ||     7
       Potion            |       |     4 |     2 |       ||     6
  Eat: Pizza             |       |     2 |       |       ||     2
       Chunk             |       |     1 |     9 |     2 ||    12
       Meat ration       |       |       |     1 |       ||     1
